 Dungeon Crawl Stone Soup version 0.23.2-1-ga50397a (webtiles) character file.

Game seed: 13122642352018196703

8525 Fortress the Cleaver (level 11, -1/99 HPs)
             Began as a Deep Dwarf Berserker on May 30, 2019.
             Was a High Priest of Trog.
             Slain by an 11-headed hydra (7 damage)
             ... on level 2 of the Lair of Beasts.
             The game lasted 01:20:57 (7706 turns).

Fortress the Cleaver (Deep Dwarf Berserker)         Turns: 7706, Time: 01:20:58

Health: -1/99      AC: 22    Str: 26    XL:     11   Next: 11%
Magic:  0/10       EV: 20    Int:  8    God:    Trog [*****.]
Gold:   431        SH:  0    Dex: 17    Spells: 10/10 levels left

rFire    . . .     SeeInvis .   p - +1 hunting sling
rCold    . . .     Gourm    .   (no shield)
rNeg     . . .     Faith    .   t - +8 ring mail of the Carpenter {-Cast MR+ Str+4 Dex+3}
rPois    .         Spirit   +   E - +2 helmet
rElec    .         Reflect  .   w - +1 cloak
rCorr    .         Harm     .   f - +0 pair of gloves
MR       ++...     NoCast   +   C - +0 pair of boots
Stlth    +.........             r - amulet of guardian spirit
HPRegen  0.00/turn              k - ring of flight
MPRegen  0.12/turn              s - +4 ring of evasion

@: about to teleport, non-regenerating
A: damage resistance, heal wounds, sense surroundings 2, no regeneration
a: Heal Wounds, Berserk, Trog's Hand, Brothers in Arms, Renounce Religion, Evoke
Flight


You were on level 2 of the Lair of Beasts.
You worshipped Trog.
Trog was extremely pleased with you.
You were very hungry.

You visited 3 branches of the dungeon, and saw 13 of its levels.

You collected 479 gold pieces.
You spent 48 gold pieces at shops.

Inventory:

Hand Weapons
 h - a +2 dagger of protection
 p - a +1 hunting sling (weapon)
 y - the +10 hand axe of the Tiger {venom, Dex+5}
   (You found it on level 6 of the Dungeon)

   It poisons the flesh of those it strikes.
   It affects your dexterity (+5).
 D - the +7 great sword of Dullness {slice, Int+2}
   (You found it on level 8 of the Dungeon)

   It inflicts extra damage upon your enemies.
   It affects your intelligence (+2).
 J - a +4 longbow of freezing
Missiles
 d - 313 stones (quivered)
Armour
 b - a +0 troll leather armour
 f - a +0 pair of gloves (worn)
 j - a +0 large shield
 t - the +8 ring mail of the Carpenter (worn) {-Cast MR+ Str+4 Dex+3}
   (You found it on level 4 of the Dungeon)

   It affects your strength (+4).
   It affects your dexterity (+3).
   It affects your resistance to hostile enchantments.
   It prevents spellcasting.
 v - a +1 leather armour of cold resistance
 w - a +1 cloak (worn)
 A - the +1 robe "Kaf Raix" {rN++ MR+}
   (You found it on level 6 of the Dungeon)

   It greatly protects you from negative energy.
   It affects your resistance to hostile enchantments.
 C - a +0 pair of boots (worn)
 E - a +2 helmet (worn)
Jewellery
 k - a ring of flight (left hand)
 r - an amulet of guardian spirit (around neck)
 s - a +4 ring of evasion (right hand)
 H - an uncursed ring of ice {unknown}
Wands
 e - a wand of flame (20)
 u - a wand of disintegration (11)
 z - a wand of digging (12)
Scrolls
 g - 4 scrolls of remove curse
 i - 2 scrolls of fog
 o - 5 scrolls of teleportation
 B - 2 scrolls of acquirement
 G - a scroll of identify
Potions
 a - 2 potions of flight
 l - 3 potions of brilliance {unknown}
 m - a potion of might {unknown}
 n - 4 potions of lignification
 q - 4 potions of cancellation
 x - a potion of ambrosia {unknown}
 F - a potion of curing {unknown}
 I - a potion of haste {unknown}
Comestibles
 c - 16 rations


   Skills:
 + Level 6.6 Fighting
 - Level 3.2 Short Blades
 + Level 11.4 Axes
 + Level 7.2 Armour
 + Level 6.8 Dodging
 * Level 8.7 Shields


You had 10 spell levels left.
You didn't know any spells.
Your spell library contained the following spells:

 Spells                   Type           Power        Failure   Level  Hunger
 Sandblast                Erth           #.....       52%         1    ##.....
 Passwall                 Tmut/Erth      #.......     67%         2    ###....
 Stone Arrow              Conj/Erth      #.....       88%         3    ####...
 Petrify                  Tmut/Erth      #.......     99%         4    #####..
 Lee's Rapid Deconstruct  Erth           #.........   100%        5    ######.


Dungeon Overview and Level Annotations

Branches:
Dungeon (10/15)            Temple (1/1) D:4            Lair (2/6) D:9
  Swamp: Lair:2-4    Shoals: Lair:2-4     Snake: Lair:2-4    Spider: Lair:2-4
    Orc: D:9-12

Altars:
Ashenzari
Cheibriados
Dithmenos
Elyvilon
Fedhas
Gozag
Hepliaklqana
Kikubaaqudgha
Makhleb
Nemelex Xobeh
Okawaru
Qazlal
Ru
Sif Muna
Trog
Uskayaw
Vehumet
Wu Jian
Xom
Yredelemnul
Zin
The Shining One

Shops:
D:5 *

Annotations:
D:5 exclusion: statue


Innate Abilities, Weirdness & Mutations

You are resistant to damage.
You can heal yourself by infusing magical energy.
You passively map the area around you.
You do not regenerate.


Message History

* * * LOW HITPOINT WARNING * * *
The 11-headed hydra bites you!
* * * LOW HITPOINT WARNING * * *
The 11-headed hydra misses you. x2; The 11-headed hydra barely misses you.
The 11-headed hydra bites you!
* * * LOW HITPOINT WARNING * * *
The 11-headed hydra completely misses you.
The yak gores you!
* * * LOW HITPOINT WARNING * * *
Your two-headed ogre hits the water moccasin with a +0 giant club!!
The water moccasin dies!
Trog accepts your kill.
Okay, then.
As you read the scroll of teleportation, it crumbles to dust.
You feel strangely unstable.
The 11-headed hydra bites you but does no damage.
The 11-headed hydra misses you.
The 11-headed hydra completely misses you. x2
The 11-headed hydra bites you!
You die...

,, ,
###..[(....... *
* #......... )..
* * *,
*.#............
* ,
,............# .
, , , ,
.........#...?.
*
..........#....
,
,##....YD.......
, , , ,
#.....†@....8.#,
, , ,
......O.....$.#
* , , ,,
..............#
* ,
..#.....##...#.
, , * *# ####...
#[..#, * , *
..##* ....* * 8.
* *,... * ...,
.. , * 8 , ,


You could see a 11-headed hydra, a yak and a friendly two-headed ogre (berserk).

Vanquished Creatures
  Erica (D:8)
  Maurice (D:9)
  Psyche (D:8)
  A spiny frog (Lair:1)
  A komodo dragon (Lair:2)
  A troll (D:9)
  Grinder (D:6)
  A hippogriff (D:7)
  7 yaks (Lair:2)
  A hungry ghost (D:8)
  Menkaure (D:4)
  3 water moccasins
  7 porcupines
  2 ice beasts (D:7)
  An eye of draining (D:9)
  An orc warrior (D:8)
  A sky beast (D:6)
  4 necrophages (D:7)
  3 centaurs
  3 ogres
  6 crocodiles (Lair:1)
  A big kobold (D:8)
  8 bullfrogs
  A water moccasin zombie (D:9)
  A scorpion (D:8)
  5 killer bees (D:7)
  3 wights (D:7)
  4 crimson imps
  2 bullfrog zombies
  3 quasits
  2 hounds
  A jelly (D:8)
  2 orc priests
  3 orc wizards
  4 worker ants
  Ijyb (D:5)
  A hound zombie (D:7)
  2 mummies (D:7)
  A worker ant zombie (D:7)
  Robin (D:3)
  3 gnolls (D:6)
  8 adders
  2 shadow imps
  3 oozes
  An adder skeleton (D:9)
  3 worms (D:3)
  4 dart slugs
  7 leopard geckos
  15 orcs
  A ball python (D:3)
  14 bats
  5 giant cockroaches
  13 goblins
  10 hobgoblins
  6 jackals (D:3)
  7 quokkas
  5 frilled lizards
  7 kobolds
  A leopard gecko skeleton (D:5)
  10 rats
  A spectral orc (D:2)
  7 fungi (D:9)
227 creatures vanquished.

Vanquished Creatures (collateral kills)
  A yak (Lair:2)
  A water moccasin (Lair:2)
2 creatures vanquished.

Vanquished Creatures (others)
  A goblin (D:3)
1 creature vanquished.

Grand Total: 230 creatures vanquished

Notes
Turn   | Place    | Note
-------+----------+-------------------------------------------
     0 | D:1      | Fortress the Deep Dwarf Berserker began the quest for the
                  | Orb.
     0 | D:1      | Reached XP level 1. HP: 20/20 MP: 1/1
   140 | D:1      | Reached XP level 2. HP: 16/27 MP: 2/2
   314 | D:1      | Reached skill level 4 in Axes
   544 | D:1      | Reached XP level 3. HP: 11/34 MP: 3/3
   560 | D:1      | Reached ** piety under Trog
  1044 | D:2      | Found a shattered altar of Ashenzari.
  1066 | D:2      | Reached skill level 1 in Shields
  1222 | D:2      | Found a burning altar of Makhleb.
  1222 | D:2      | Found a snail-covered altar of Cheibriados.
  1265 | D:2      | Reached XP level 4. HP: 24/42 MP: 3/3
  1614 | D:2      | Found a basalt altar of Yredelemnul.
  1857 | D:3      | Noticed Robin
  1893 | D:3      | Killed Robin
  1896 | D:3      | Reached skill level 1 in Short Blades
  1902 | D:3      | Reached XP level 5. HP: 21/49 MP: 4/4
  2363 | D:3      | Reached *** piety under Trog
  2633 | D:4      | Found a staircase to the Ecumenical Temple.
  2646 | D:4      | Got a smoking ring mail
  2647 | D:4      | Identified the +8 ring mail of the Carpenter {-Cast MR+
                  | Str+4 Dex+3} (You found it on level 4 of the Dungeon)
  2667 | Temple   | Entered the Ecumenical Temple
  2971 | D:5      | Entered Level 5 of the Dungeon
  3515 | D:5      | Reached XP level 6. HP: 23/56 MP: 0/5
  3537 | D:5      | Noticed Ijyb
  3560 | D:5      | Killed Ijyb
  3600 | D:5      | Found a radiant altar of Vehumet.
  3675 | D:5      | Noticed Menkaure
  3696 | D:4      | Killed Menkaure
  4195 | D:5      | Found Vavudar's General Store.
  4204 | D:5      | Bought a scroll of fog for 24 gold pieces
  4204 | D:5      | Bought a scroll of identify for 24 gold pieces
  4223 | D:5      | Found a deep blue altar of Sif Muna.
  4516 | D:6      | Reached XP level 7. HP: 45/62 MP: 0/6
  4617 | D:6      | Found a blossoming altar of Fedhas.
  4637 | D:6      | Found a stormy altar of Qazlal.
  4806 | D:6      | Found a white marble altar of Elyvilon.
  4827 | D:6      | Got a bone hand axe
  4828 | D:6      | Identified the +10 hand axe of the Tiger {venom, Dex+5}
                  | (You found it on level 6 of the Dungeon)
  4877 | D:6      | Got a faintly humming robe
  4888 | D:6      | Identified the +1 robe "Kaf Raix" {rN++ MR+} (You found it
                  | on level 6 of the Dungeon)
  4914 | D:6      | Noticed Grinder
  4923 | D:6      | Killed Grinder
  5001 | D:6      | Found a radiant altar of Vehumet.
  5519 | D:7      | Reached XP level 8. HP: 47/72 MP: 0/7
  5596 | D:7      | Reached skill level 5 in Axes
  5597 | D:7      | Reached skill level 5 in Armour
  5597 | D:7      | Reached skill level 5 in Dodging
  5599 | D:7      | Reached skill level 5 in Shields
  5604 | D:7      | Reached **** piety under Trog
  5662 | D:7      | Reached skill level 6 in Axes
  5693 | D:7      | Noticed a hippogriff
  5704 | D:7      | Killed a hippogriff
  5830 | D:7      | Gained mutation: You passively map the area around you.
                  | [Deep Dwarf growth]
  5830 | D:7      | Reached XP level 9. HP: 68/79 MP: 0/8
  5852 | D:7      | Reached skill level 7 in Axes
  5974 | D:8      | Noticed Erica
  5981 | D:8      | Noticed Psyche
  5991 | D:8      | Killed Erica
  5991 | D:8      | Reached skill level 5 in Fighting
  5994 | D:8      | HP: 4/117 [Psyche/puff of frost (13)]
  5995 | D:8      | Killed Psyche
  5995 | D:8      | Reached skill level 8 in Axes
  6116 | D:8      | Found a bloodstained altar of Trog.
  6271 | D:8      | Reached ***** piety under Trog
  6283 | D:8      | Got an encrusted great sword
  6284 | D:8      | Identified the +7 great sword of Dullness {slice, Int+2}
                  | (You found it on level 8 of the Dungeon)
  6383 | D:8      | Reached XP level 10. HP: 78/90 MP: 0/9
  6498 | D:8      | Reached skill level 9 in Axes
  6537 | D:8      | Identified a scroll of acquirement
  6540 | D:8      | Got a bound jade ring
  6541 | D:8      | Identified the ring "Tiegirar" {Fire rN++ Str-4} (You
                  | acquired it on level 8 of the Dungeon)
  6809 | D:9      | Found a sparkling altar of Nemelex Xobeh.
  6829 | D:10     | Entered Level 10 of the Dungeon
  6847 | D:9      | Noticed Maurice
  6880 | D:9      | Killed Maurice
  6899 | D:9      | Got a twisted ring mail
  6910 | D:9      | Identified the cursed +1 ring mail of Heitiq {Regen+ Int+3}
                  | (You found it on level 9 of the Dungeon)
  7005 | D:9      | Reached skill level 10 in Axes
  7015 | D:9      | Found a staircase to the Lair.
  7444 | D:9      | Found a sacrificial altar of Ru.
  7506 | Lair:1   | Entered Level 1 of the Lair of Beasts
  7536 | Lair:1   | Noticed a spiny frog
  7542 | Lair:1   | Killed a spiny frog
  7605 | Lair:1   | Received a gift from Trog
  7680 | Lair:2   | Reached skill level 11 in Axes
  7684 | Lair:2   | Noticed a seven-headed hydra
  7692 | Lair:2   | Reached XP level 11. HP: 81/99 MP: 0/10
  7706 | Lair:2   | Slain by an 11-headed hydra

Skill      XL: |  1  2  3  4  5  6  7  8  9 10 |
---------------+-------------------------------+-----
Fighting       | 3 4 5 6 |  6.6
Axes           | 4 6 8 11 | 11.4
Shields        | 1 2 3 4 5 7 8 |  8.7
Dodging        | 3 4 5 6 |  6.8
Short Blades   | 1 2 3 |  3.2
Armour         | 3 4 5 6 7 |  7.2

Action                   |  1- 3 |  4- 6 |  7- 9 | 10-12 || total
-------------------------+-------+-------+-------+-------++-------
Melee: Hand axe          |   101 |       |   145 |   146 ||   392
       Dagger            |    41 |   376 |    62 |       ||   479
 Fire: Hunting sling     |       |       |       |     3 ||     3
Invok: Trog's Hand       |     1 |     1 |       |       ||     2
       Berserk           |       |     4 |     1 |       ||     5
       Brothers in Arms  |       |       |       |     3 ||     3
 Abil: Heal Wounds       |     2 |     4 |     6 |     2 ||    14
  Use: Scroll            |       |    10 |       |     6 ||    16
       Potion            |       |     1 |       |       ||     1
 Stab: Invisible         |       |       |     1 |       ||     1
  Eat: Chunk             |     1 |     3 |       |       ||     4
       Ration            |       |     4 |     2 |     1 ||     7
Armor: Animal skin       |    13 |       |       |       ||    13
       Leather armour    |    17 |    47 |       |       ||    64
       Ring mail         |       |    85 |    86 |    69 ||   240
       Plate armour      |       |    42 |       |       ||    42
       Skin              |       |     3 |       |       ||     3
Dodge: Dodged            |    89 |   210 |   125 |   168 ||   592
